 Dungeon Crawl Stone Soup version 0.29.1-2-gbd0b4ee654 (webtiles) character file.

Game seed: 17548108417803991390

1208 leafyfresh the Conjurer (level 8, -4/46 HPs)
             Began as an Octopode Earth Elementalist on Nov 7, 2022.
             Was a Follower of Vehumet.
             Slain by a steam dragon (6 damage)
             ... on level 7 of the Dungeon on Nov 8, 2022.
             The game lasted 00:15:53 (9813 turns).

leafyfresh the Conjurer (OpEE)                      Turns: 9813, Time: 00:15:53

Health: -4/46      AC:  1    Str:  7    XL:     8   Next: 45%
Magic:  2/13       EV: 18    Int: 20    God:    Vehumet [*.....]
Gold:   411        SH:  0    Dex: 12    Spells: 8/14 levels left

rFire   . . .      SeeInvis .   o - +0 dagger (venom)
rCold   . . .      Faith    .   (no shield)
rNeg    . . .      Spirit   .   (helmet restricted)
rPois   .          Reflect  .   (no amulet)
rElec   .          Harm     .   x - +4 ring of evasion
rCorr   .          Rampage  .   (no ring)
Will    .....                   (no ring)
Stlth   ++++......              (no ring)
HPRegen 0.15/turn               (no ring)
MPRegen 0.13/turn               (no ring)
                                (no ring)
                                (no ring)

@: very slightly contaminated
A: almost no armour, amphibious, 8 rings, camouflage 1, gelatinous body 1,
(nimble swimmer 1), tentacles
a: Renounce Religion


You were on level 7 of the Dungeon.
You worshipped Vehumet.
Vehumet was aware of your devotion.
You visited 2 branches of the dungeon, and saw 8 of its levels.

You collected 411 gold pieces.

Inventory:

Hand Weapons
 g - a +0 dagger
 h - a +0 whip
 o - a +0 dagger of venom (weapon)
Missiles
 y - 18 poisoned darts
 z - 6 atropa-tipped darts
Armour
 D - a +2 helmet
Jewellery
 x - a +4 ring of evasion (left tentacle)
Wands
 a - a wand of flame (21)
 e - a wand of light (7)
 u - a wand of digging (5)
Scrolls
 b - 5 scrolls of teleportation
 c - a scroll of amnesia
 j - a scroll of noise
 k - 2 scrolls of immolation
 l - a scroll of magic mapping {unknown}
 s - a scroll of enchant armour {unknown}
 w - a scroll of blinking {unknown}
 A - a scroll of silence {unknown}
 B - 2 scrolls of brand weapon
Potions
 d - a potion of attraction
 f - a potion of degeneration {unknown}
 i - a potion of mutation {unknown}
 m - a potion of lignification {unknown}
 n - 2 potions of haste {unknown}
 p - 2 potions of curing
 q - a potion of magic
 r - 3 potions of invisibility
 t - 2 potions of flight {unknown}
 v - a potion of heal wounds
 C - a potion of resistance {unknown}


   Skills:
 + Level 3.7 Dodging
 - Level 6.0 Stealth
 + Level 3.5 Spellcasting
 + Level 6.4 Conjurations
 - Level 1.0 Transmutations
 - Level 5.0 Earth Magic


You had 8 spell levels left.
You knew the following spells:

 Your Spells              Type           Power      Damage    Failure   Level
a - Sandblast             Erth           46%        2d11      1%          1
b - Stone Arrow           Conj/Erth      52%        3d10      3%          3
c - Passwall              Tmut/Erth      12%        N/A       6%          2

Your spell library contained the following spells:

 Spells                   Type           Power      Damage    Failure   Level
 Shock                    Conj/Air       64%        1d7       3%          1
 Petrify                  Tmut/Erth      15%        N/A       36%         4
 Gell's Gravitas          Tloc           3%         N/A       38%         3
 Portal Projectile        Hex/Tloc       6%         N/A       38%         3
 Teleport Other           Tloc           3%         N/A       38%         3
 Tukima's Dance           Hex            3%         N/A       38%         3
 Blade Hands              Tmut           3%         N/A       94%         5
 Dispersal                Tloc           1%         N/A       100%        6


Dungeon Overview and Level Annotations

Branches:
Dungeon (7/15)             Temple (1/1) D:5

Altars:
Ashenzari
Fedhas
Hepliaklqana
Makhleb
Nemelex Xobeh
Sif Muna
Uskayaw
Vehumet

Shops:
D:5 :   D:7 *

Portals:
Bailey: D:7

Annotations:
D:3 Grinder


Innate Abilities, Weirdness & Mutations

You cannot wear most types of armour.
You are amphibious.
You can wear up to eight rings at the same time.
Your skin changes colour to match your surroundings (Stealth+).
Your rubbery body absorbs attacks. (AC +1, EV +1)
((You are camouflaged when in or above water. (Stealth+)))
You have tentacles for arms and can constrict up to eight enemies at once.


Message History

You are engulfed in a cloud of scalding steam.
The steam dragon closely misses you. x2
Unknown command.
The steam dragon bites you!
* * * LOW HITPOINT WARNING * * *
The steam dragon misses you.
Casting: Stone Arrow (dangerous; 3% risk of failure)
Confirm with . or Enter, or press ? or * to list all spells.
Aiming: Stone Arrow (dangerous; 3% risk of failure)
Press: ? - help, Shift-Dir - straight line, f/p - steam dragon
Aim: a steam dragon (heavily wounded, catching its breath, 71% to hit)
You miscast Stone Arrow.
You are very lightly contaminated with residual magic.
Nothing appears to happen.
The steam dragon bites you but does no damage.
The steam dragon barely misses you.
Casting: Stone Arrow (dangerous; 3% risk of failure)
Confirm with . or Enter, or press ? or * to list all spells.
You don't have enough magic to cast this spell.
Unknown command.
Unknown command.
Aiming: Bolt of Light
Press: ? - help, Shift-Dir - straight line, f/p - steam dragon
Aim: a steam dragon (heavily wounded, catching its breath, 71% to hit)
The bolt of light hits the steam dragon!
The steam dragon is almost dead.
The steam dragon is blinded.
The steam dragon closely misses you. x2
Unknown command.
Casting: Stone Arrow (dangerous; 3% risk of failure)
Confirm with . or Enter, or press ? or * to list all spells.
Aiming: Sandblast (safe; 1% risk of failure)
Press: ? - help, Shift-Dir - straight line, f/p - steam dragon
Aim: a steam dragon (almost dead, blind, 83% to hit)
The blast of sand misses the steam dragon.
The steam dragon breathes steam at you. The ball of steam hits you!
* * * LOW HITPOINT WARNING * * *
You hear a shout!
The steam dragon bites you.
You die...

... #.. ... #.. ......# .#.
#.........# ####....≈≈≈
#..g....#.###.#.......#
.#................#....#
#.....##.....§....#..≈.. ....#
#...D§§§§.........[... .
.........#@.#.............. ≈~
..)..... #..#.............. ...
.g.###. ##................# .∩gg
#g####..................... ...≈.
#gg..#.....................
≈~≈≈..#.............((..#........
......g<.##........##.###........
/##.....##.....$.####..#.........
#...#..## ..#.... .#..........##


You could see a steam dragon (blind, catching breath) and a goblin (wandering).

Vanquished Creatures
  A water moccasin (D:7)
  3 black bears
  An orc warrior (D:6)
  A kobold brigand (D:6)
  2 scorpions (D:6)
  2 howler monkeys
  An orc priest (D:3)
  2 hounds (D:6)
  Jessica (D:2)
  Ijyb (D:5)
  2 iguanas
  An orc wizard (D:3)
  Terence (D:2)
  7 gnolls
  6 adders
  3 white imps
  2 ufetubi
  11 orcs
  4 bats
  4 endoplasms
  5 giant cockroaches
  9 hobgoblins
  3 quokkas
  2 ball pythons
  5 frilled lizards
  9 goblins
  12 kobolds
  2 rats
103 creatures vanquished.

Vanquished Creatures (others)
  3 toadstools (D:5)
3 creatures vanquished.

Grand Total: 106 creatures vanquished

Notes
Turn   | Place    | Note
-------+----------+-------------------------------------------
     0 | D:1      | leafyfresh the Octopode Earth Elementalist began the quest
                  | for the Orb.
     0 | D:1      | Reached XP level 1. HP: 11/11 MP: 3/3
   646 | D:1      | Reached XP level 2. HP: 17/17 MP: 3/5
  1489 | D:2      | Reached XP level 3. HP: 18/21 MP: 4/6
  1493 | D:2      | Noticed Terence
  1779 | D:2      | Learned a level 3 spell: Stone Arrow
  1782 | D:2      | Learned a level 2 spell: Passwall
  1816 | D:2      | HP: 1/21 [Terence/puff of flame (9)]
  1825 | D:2      | Killed Terence
  2000 | D:2      | Reached XP level 4. HP: 27/27 MP: 4/7
  2132 | D:2      | Reached skill level 5 in Earth Magic
  2515 | D:2      | Noticed Jessica
  2519 | D:2      | Killed Jessica
  2520 | D:2      | Reached skill level 1 in Conjurations
  2738 | D:2      | Found a faded altar of an unknown god.
  2769 | D:2      | Reached XP level 5. HP: 29/31 MP: 8/8
  3047 | D:3      | Noticed a black bear
  3053 | D:3      | HP: 1/31 [black bear (3)]
  3054 | D:3      | Killed a black bear
  3055 | D:3      | Reached XP level 6. HP: 1/36 MP: 0/9
  3429 | D:3      | You fall into a shaft and drop 2 floors!
  3429 | D:5      | Entered Level 5 of the Dungeon
  3474 | D:5      | Found a staircase to the Ecumenical Temple.
  3485 | Temple   | Entered the Ecumenical Temple
  3550 | Temple   | Became a worshipper of Vehumet
  3647 | D:5      | Reached skill level 5 in Stealth
  4125 | D:3      | Noticed Grinder
  4201 | D:3      | Found a hazy altar of Hepliaklqana.
  4318 | D:3      | Paralysed by Grinder for 2 turns
  4322 | D:3      | Paralysed by Grinder for 5 turns
  4403 | D:4      | Noticed a black bear
  4411 | D:4      | Killed a black bear
  5055 | D:4      | Reached XP level 7. HP: 41/41 MP: 6/10
  5266 | D:5      | Found a hide-covered altar of Uskayaw.
  5308 | D:5      | Found a shimmering blue altar of Sif Muna.
  5509 | D:5      | Noticed Ijyb
  5514 | D:5      | Killed Ijyb
  5766 | D:5      | Reached skill level 5 in Conjurations
  5814 | D:5      | Found Peezuam's Book Emporium.
  6938 | D:6      | Reached XP level 8. HP: 30/46 MP: 0/12
  7985 | D:3      | Reached * piety under Vehumet
  7985 | D:3      | Offered knowledge of Shock by Vehumet.
  9626 | D:7      | Found a flagged portal.
  9728 | D:7      | Found Odouxe's Assorted Antiques.
  9812 | D:7      | HP: 2/46 [steam dragon/ball of steam (8)]
  9813 | D:7      | Slain by a steam dragon

Illustrated notes

Levels and vault maps discovered:
D:1:      minmay_arrival_four_circles, layout_basic, minmay_door_square
D:2:      layout_rooms, ebering_ecumenical_altar_box, uniq_terence, uniq_jessica
D:3:      layout_basic, mainiacjoe_overflow_brackets, uniq_grinder
D:4:      layout_cave_pools
D:5:      layout_cave_pods, general_overflow_altar,
          nicolae_uskayaw_murder_on_the_dancefloor,
          minmay_temple_entry_gardened_gates, serial_shops,
          nicolae_shop_hallway_plus, minmay_gold_behind_fungi, uniq_ijyb
D:6:      layout_loops_ring
D:7:      layout_cave_pools, grunt_gozag_breadcrumbs,
          nicolae_qazlal_general_emergency, enter_bailey_5, serial_shops,
          nicolae_diamond_shop
Temple:   hellmonk_temple_beads

Skill      XL: |  1  2  3  4  5  6  7  8 |
---------------+-------------------------+-----
Earth Magic    | 4 5 |  5.0
Stealth        | 3 4 6 |  6.0
Conjurations   | 1 2 3 5 6 |  6.4
Dodging        | 3 |  3.7
Spellcasting   | 3 |  3.5
Transmutations | |  1.0

Action                   |  1- 3 |  4- 6 |  7- 9 || total
-------------------------+-------+-------+-------++-------
Melee: Unarmed           |     3 |       |       ||     3
       Constrict         |     5 |     5 |    11 ||    21
       Tentacles         |     2 |     3 |    11 ||    16
       Whip              |     8 |     8 |       ||    16
       Dagger            |       |    11 |    41 ||    52
       Punch             |       |     2 |       ||     2
 Cast: Sandblast         |    32 |    38 |    29 ||    99
       Stone Arrow       |     2 |    15 |    17 ||    34
Evoke: Wand              |       |     1 |     1 ||     2
  Use: Potion            |     4 |       |       ||     4
       Scroll            |       |       |     8 ||     8
 Stab: Sleeping          |     1 |     1 |     5 ||     7
Armor: Skin              |     4 |     1 |     3 ||     8
Dodge: Dodged            |    16 |    23 |    42 ||    81
